Predators vs Blues

Created - April 14, 2024 at 17:36

Goals
1 2 3 T
Predators 1 0 1 2
Blues 2 3 0 5
Shots
1 2 3 T
Predators 15 3 12 30
Blues 9 13 6 28

GoalsPenalties
1st period
1. Blues , Logan Couture 2 (Alec Martinez 2, Nico Hischier 3) at 0:14
2. Blues , Kris Letang 2 (Nico Hischier 4, Cale Makar 5) at 6:50
3. Predators , Roman Josi 1 (Cal Clutterbuck 3, Colton Sissons 2) at 7:57
Carson Soucy (STL) for Hooking (Minor) at 2:37
Kris Letang (STL) for Hooking (Minor) at 17:09
Darnell Nurse (NSH) for Hooking (Minor) at 18:13
2nd period
4. Blues , Logan Couture 3 (Nico Hischier 5, Jack Eichel 2) at 3:26 (PP)
5. Blues , Cale Makar 3 (Nico Hischier 6, Kris Letang 2) at 5:10
6. Blues , Sean Monahan 2 (Curtis Lazar 2, Anthony DeAngelo 7) at 9:02
J.T. Miller (NSH) for Roughing (Minor) at 1:28
Tage Thompson (NSH) for Slashing (Minor) at 14:30
3rd period
7. Predators , Gabriel Vilardi 2 (J.T. Miller 4, Roman Josi 4) at 18:01
Yanni Gourde (STL) for Fighting (Major) at 1:42
Brandon Carlo (NSH) for Fighting (Major) at 1:42
Cale Makar (STL) for Boarding (Minor) at 1:42
Kris Letang (STL) for High sticking (Minor) at 1:42
Kyle Connor (NSH) for Roughing (Minor) at 1:42
Tage Thompson (NSH) for Cross-checking (Minor) at 1:42
Clayton Keller (STL) for Holding (Minor) at 1:42
Carson Soucy (STL) for Roughing (Double Minor) at 8:45
Filip Hronek (STL) for Slashing (Minor) at 19:57
Goalie Stats
Jaroslav Halak (NSH), 14 saves from 15 shots - (0.933), 34:50 minutes
Ilya Sorokin (NSH), 9 saves from 13 shots - (0.692), L, 3-3-0, 25:10 minutes
Carter Hart (STL), 28 saves from 30 shots - (0.933), W, 2-1-0, 60:00 minutes
3 StarsOfficial
1 - Logan Couture (STL)
2 - Nico Hischier (STL)
3 - Kris Letang (STL)
Referees : Mike Sheehan and Mike Campbell
Linesman : Andrew Smith and Travis Toomey
Game Note
Jaroslav Halak enters game at 5:10 of 2nd period
General Fight at 1:42 of 3rd period
Yanni Gourde and Brandon Carlo fight to a draw at 1:42 of 3rd period
Finance
Level 1 -- Attendance: 6500 (100.00%) -- Ticket Income $682,500
Level 2 -- Attendance: 5000 (100.00%) -- Ticket Income $375,000
Level 3 -- Attendance: 3500 (100.00%) -- Ticket Income $175,000
Level 4 -- Attendance: 1562 (100.00%) -- Ticket Income $60,918
Luxury Box -- Attendance: 1000 (100.00%) -- Ticket Income $199,000
Game was played at the Scottrade Center.
Total Attendance: 17562 (100.00%)
Total Ticket Income: $1,492,418
Other Income: $373,104
Total Income: $1,865,522



Team Name Goals Shots Shots Attemp Shots Blocked PIM HIT PP PK FO%
Predators 230571415160 / 6 (0%)155%
Blues 52858621191 / 3 (33%)045%

Predators
Player Name POS G A P +/- PIM HIT SHT SB MP PP MP PP SHT PK MP PK SHT FO% FOT
Alex TuchRW0000013119:333:1910:000100% 1
Bo HorvatC000-1044016:043:4530:00074% 19
Brandon CarloD0001510517:030:0001:4300% 0
Cal ClutterbuckRW011100004:350:0000:0000% 0
Colton SissonsC011100308:110:0003:36144% 9
Darnell NurseD000-1200023:413:1901:5100% 0
Gabriel VilardiRW101-2002018:323:4500:0000% 0
J.T. CompherLW000-1011017:250:0002:5600% 3
J.T. MillerC011-2224218:423:1930:37050% 24
Jake McCabeD000-2010016:220:0003:0300% 0
Kyle ConnorLW0000213019:313:4512:0500% 1
Lucas RaymondLW000-2010118:293:2000:0000% 0
Nikita ZadorovD000-2000217:060:0003:0300% 0
Roman JosiD1121002320:313:4410:2200% 0
Tage ThompsonC0000422013:400:0000:00063% 16
Taylor HallLW000-1010015:163:1900:00050% 2
Thomas ChabotD000-1016021:553:4450:0000% 0
Yakov TreninC000100005:230:0000:4800% 1
Blues
Player Name POS G A P +/- PIM HIT SHT SB MP PP MP PP SHT PK MP PK SHT FO% FOT
Alec MartinezD0110011221:550:0004:5400% 0
Alex NewhookC0001001011:542:4800:0000% 0
Anthony DeAngeloD0111020015:132:4800:4200% 0
Auston MatthewsC000-2043016:432:1300:15043% 23
Cale MakarD1121203022:392:1312:3500% 0
Carson SoucyD0001620012:060:0000:4000% 0
Clayton KellerRW000-2203017:022:4800:0000% 1
Craig SmithC000000007:480:0000:0000% 0
Curtis LazarC0111012010:030:0000:57038% 8
Filip HronekD0000211122:210:0005:4600% 0
Jack EichelC0113000016:452:1300:0000% 0
Kris LetangD1121431123:272:4803:2900% 0
Logan CoutureC2023014121:352:1313:58150% 2
Marcus JohanssonLW000000007:480:0000:0000% 0
Nico HischierC0443004016:452:1320:00044% 16
Sean MonahanC1011013013:140:0003:53067% 9
Steven LorentzC0000020010:590:0003:11040% 15
Yanni GourdeC000-2512119:382:4803:53050% 2



Play-by-Play

1st period


0:01 of 1st period - Auston Matthews wins face-off versus Tage Thompson in neutral zone.
0:08 of 1st period - Shot by Auston Matthews.
0:08 of 1st period - Deflect By Clayton Keller.
0:08 of 1st period - Stopped by Ilya Sorokin without a rebound.
0:09 of 1st period - Nico Hischier wins face-off versus J.T. Miller in Predators zone.
0:10 of 1st period - Shot by Logan Couture.
0:10 of 1st period - Shot Blocked by J.T. Miller.
0:12 of 1st period - Shot by Alec Martinez.
0:12 of 1st period - Stopped by Ilya Sorokin with a rebound.
0:14 of 1st period - Shot by Logan Couture.
0:14 of 1st period - Goal by Logan Couture - Predators : 0 - Blues : 1.
0:15 of 1st period - Bo Horvat wins face-off versus Curtis Lazar in neutral zone.
0:39 of 1st period - Shot by Sean Monahan.
0:39 of 1st period - Stopped by Ilya Sorokin without a rebound.
0:40 of 1st period - Nico Hischier wins face-off versus J.T. Miller in Predators zone.
0:55 of 1st period - Shot by J.T. Miller.
0:55 of 1st period - Shot Misses the Net.
0:58 of 1st period - Icing by Kris Letang.
0:59 of 1st period - Nico Hischier wins face-off versus Tage Thompson in Blues zone.
1:45 of 1st period - Shot by Alex Tuch.
1:45 of 1st period - Stopped by Carter Hart with a rebound.
2:18 of 1st period - Off-side.
2:19 of 1st period - Steven Lorentz wins face-off versus J.T. Miller in neutral zone.
2:23 of 1st period - Carson Soucy is hit by J.T. Miller.
2:27 of 1st period - Craig Smith is hit by Lucas Raymond and loses puck.
2:37 of 1st period - Minor Penalty to Carson Soucy for Hooking.
2:38 of 1st period - Sean Monahan wins face-off versus Bo Horvat in Blues zone.
2:38 of 1st period - Filip Hronek is hit by Bo Horvat and loses puck.
2:53 of 1st period - Shot by Thomas Chabot.
2:53 of 1st period - Stopped by Carter Hart with a rebound.
3:09 of 1st period - Yanni Gourde is hit by Bo Horvat and loses puck.
3:19 of 1st period - Off-side.
3:20 of 1st period - J.T. Miller wins face-off versus Steven Lorentz in neutral zone.
3:25 of 1st period - Shot by J.T. Miller.
3:25 of 1st period - Stopped by Carter Hart with a rebound.
3:27 of 1st period - Shot by Alex Tuch.
3:27 of 1st period - Deflect By J.T. Miller.
3:27 of 1st period - Stopped by Carter Hart without a rebound.
3:28 of 1st period - Sean Monahan wins face-off versus J.T. Miller in Blues zone.
3:36 of 1st period - Icing by Alex Tuch.
3:37 of 1st period - J.T. Miller wins face-off versus Sean Monahan in Predators zone.
3:37 of 1st period - J.T. Miller is hit by Yanni Gourde.
3:43 of 1st period - Shot by Alex Tuch.
3:43 of 1st period - Shot Misses the Net.
3:45 of 1st period - Shot by Darnell Nurse.
3:45 of 1st period - Shot Misses the Net.
3:47 of 1st period - Shot by Darnell Nurse.
3:47 of 1st period - Deflect By J.T. Miller.
3:47 of 1st period - Shot Blocked by Kris Letang.
3:49 of 1st period - Shot by Darnell Nurse.
3:49 of 1st period - Shot Blocked by Yanni Gourde.
3:51 of 1st period - Shot by Alex Tuch.
3:51 of 1st period - Shot Misses the Net.
3:53 of 1st period - Shot by J.T. Miller.
3:53 of 1st period - Stopped by Carter Hart without a rebound.
3:54 of 1st period - Steven Lorentz wins face-off versus Bo Horvat in Blues zone.
3:54 of 1st period - Steven Lorentz is hit by Bo Horvat.
4:22 of 1st period - Shot by Roman Josi.
4:22 of 1st period - Stopped by Carter Hart without a rebound.
4:23 of 1st period - Steven Lorentz wins face-off versus J.T. Miller in Blues zone.
4:47 of 1st period - Colton Sissons is hit by Carson Soucy and loses puck.
5:06 of 1st period - Shot by Yakov Trenin.
5:06 of 1st period - Shot Misses the Net.
5:08 of 1st period - Shot by Colton Sissons.
5:08 of 1st period - Stopped by Carter Hart without a rebound.
5:09 of 1st period - Bo Horvat wins face-off versus Clayton Keller in Blues zone.
5:10 of 1st period - Shot by J.T. Compher.
5:10 of 1st period - Stopped by Carter Hart with a rebound.
5:13 of 1st period - Icing by Alec Martinez.
5:14 of 1st period - Bo Horvat wins face-off versus Auston Matthews in Blues zone.
6:48 of 1st period - Shot by Nico Hischier.
6:48 of 1st period - Shot Blocked by Brandon Carlo.
6:50 of 1st period - Shot by Kris Letang.
6:50 of 1st period - Goal by Kris Letang - Predators : 0 - Blues : 2.
6:51 of 1st period - Tage Thompson wins face-off versus Curtis Lazar in neutral zone.
7:05 of 1st period - Shot by Curtis Lazar.
7:05 of 1st period - Shot Blocked by Alex Tuch.
7:11 of 1st period - Shot by Sean Monahan.
7:11 of 1st period - Shot Misses the Net.
7:13 of 1st period - Shot by Curtis Lazar.
7:13 of 1st period - Shot Blocked by Nikita Zadorov.
7:15 of 1st period - Shot by Sean Monahan.
7:15 of 1st period - Stopped by Ilya Sorokin without a rebound.
7:16 of 1st period - Auston Matthews wins face-off versus Colton Sissons in Predators zone.
7:55 of 1st period - Shot by Cal Clutterbuck.
7:55 of 1st period - Shot Misses the Net.
7:57 of 1st period - Shot by Roman Josi.
7:57 of 1st period - Goal by Roman Josi - Predators : 1 - Blues : 2.
7:58 of 1st period - Tage Thompson wins face-off versus Nico Hischier in neutral zone.
8:03 of 1st period - Cale Makar is hit by Tage Thompson and loses puck.
8:14 of 1st period - Icing by Thomas Chabot.
8:15 of 1st period - Tage Thompson wins face-off versus Curtis Lazar in Predators zone.
8:38 of 1st period - Shot by Thomas Chabot.
8:38 of 1st period - Shot Misses the Net.
8:55 of 1st period - Shot by Thomas Chabot.
8:55 of 1st period - Stopped by Carter Hart without a rebound.
8:56 of 1st period - J.T. Miller wins face-off versus Auston Matthews in Blues zone.
9:38 of 1st period - Shot by Yanni Gourde.
9:38 of 1st period - Shot Misses the Net.
9:50 of 1st period - Icing by Cale Makar.
9:51 of 1st period - Bo Horvat wins face-off versus Auston Matthews in Blues zone.
9:52 of 1st period - Shot by Taylor Hall.
9:52 of 1st period - Deflect By Bo Horvat.
9:52 of 1st period - Stopped by Carter Hart without a rebound.
9:53 of 1st period - Bo Horvat wins face-off versus Nico Hischier in Blues zone.
9:53 of 1st period - Jake McCabe is hit by Filip Hronek and loses puck.
9:59 of 1st period - Icing by Alec Martinez.
10:00 of 1st period - Nico Hischier wins face-off versus Taylor Hall in Blues zone.
11:17 of 1st period - Icing by Cale Makar.
11:18 of 1st period - Tage Thompson wins face-off versus Auston Matthews in Blues zone.
11:29 of 1st period - Shot by Alex Tuch.
11:29 of 1st period - Stopped by Carter Hart with a rebound.
11:31 of 1st period - Shot by Alex Tuch.
11:31 of 1st period - Shot Misses the Net.
11:41 of 1st period - Shot by Kyle Connor.
11:41 of 1st period - Stopped by Carter Hart with a rebound.
11:49 of 1st period - Shot by Tage Thompson.
11:49 of 1st period - Stopped by Carter Hart without a rebound.
11:50 of 1st period - J.T. Miller wins face-off versus Steven Lorentz in Blues zone.
11:50 of 1st period - Thomas Chabot is hit by Anthony DeAngelo and loses puck.
12:01 of 1st period - Icing by Darnell Nurse.
12:02 of 1st period - Sean Monahan wins face-off versus J.T. Miller in Predators zone.
12:45 of 1st period - Shot by Alex Newhook.
12:45 of 1st period - Deflect By Curtis Lazar.
12:45 of 1st period - Stopped by Ilya Sorokin with a rebound.
13:05 of 1st period - Shot by Nico Hischier.
13:05 of 1st period - Stopped by Ilya Sorokin without a rebound.
13:06 of 1st period - Tage Thompson wins face-off versus Auston Matthews in Predators zone.
13:06 of 1st period - Tage Thompson is hit by Auston Matthews.
13:20 of 1st period - Shot by Yanni Gourde.
13:20 of 1st period - Stopped by Ilya Sorokin without a rebound.
13:21 of 1st period - Nico Hischier wins face-off versus Bo Horvat in Predators zone.
13:24 of 1st period - Shot by Nico Hischier.
13:24 of 1st period - Shot Misses the Net.
14:56 of 1st period - Shot by Kyle Connor.
14:56 of 1st period - Shot Misses the Net.
16:00 of 1st period - J.T. Miller is hit by Anthony DeAngelo and loses puck.
16:08 of 1st period - Icing by Steven Lorentz.
16:09 of 1st period - Taylor Hall wins face-off versus Steven Lorentz in Blues zone.
16:10 of 1st period - Shot by Bo Horvat.
16:10 of 1st period - Shot Misses the Net.
16:49 of 1st period - Bo Horvat is hit by Kris Letang and loses puck.
17:09 of 1st period - Minor Penalty to Kris Letang for Hooking.
17:10 of 1st period - Sean Monahan wins face-off versus J.T. Miller in Blues zone.
17:27 of 1st period - Shot by Alex Tuch.
17:27 of 1st period - Stopped by Carter Hart without a rebound.
17:28 of 1st period - Steven Lorentz wins face-off versus Kyle Connor in Blues zone.
17:49 of 1st period - Shot by Lucas Raymond.
17:49 of 1st period - Shot Misses the Net.
18:13 of 1st period - Minor Penalty to Darnell Nurse for Hooking.
18:14 of 1st period - Auston Matthews wins face-off versus J.T. Compher in Predators zone.
19:55 of 1st period - J.T. Compher is hit by Auston Matthews and loses puck.
Goals for this period are 1 for Predators vs 2 for Blues.
Shots for this period are 15 for Predators vs 9 for Blues.

2nd period


0:01 of 2nd period - Auston Matthews wins face-off versus Colton Sissons in neutral zone.
0:06 of 2nd period - Shot by Nico Hischier.
0:06 of 2nd period - Stopped by Ilya Sorokin without a rebound.
0:07 of 2nd period - Auston Matthews wins face-off versus Colton Sissons in Predators zone.
0:08 of 2nd period - Shot by Cale Makar.
0:08 of 2nd period - Stopped by Ilya Sorokin without a rebound.
0:09 of 2nd period - Auston Matthews wins face-off versus Colton Sissons in Predators zone.
1:10 of 2nd period - Tage Thompson is hit by Auston Matthews and loses puck.
1:26 of 2nd period - Kris Letang is hit by J.T. Miller and loses puck.
1:28 of 2nd period - Minor Penalty to J.T. Miller for Roughing.
1:29 of 2nd period - Colton Sissons wins face-off versus Auston Matthews in Predators zone.
2:06 of 2nd period - Shot by Colton Sissons.
2:06 of 2nd period - Stopped by Carter Hart without a rebound.
2:07 of 2nd period - Colton Sissons wins face-off versus Yanni Gourde in Blues zone.
2:34 of 2nd period - Icing by Yanni Gourde.
2:35 of 2nd period - Yanni Gourde wins face-off versus Yakov Trenin in Blues zone.
3:20 of 2nd period - Shot by Cale Makar.
3:20 of 2nd period - Shot Misses the Net.
3:22 of 2nd period - Shot by Cale Makar.
3:22 of 2nd period - Deflect By Jack Eichel.
3:22 of 2nd period - Shot Blocked by Brandon Carlo.
3:24 of 2nd period - Shot by Nico Hischier.
3:24 of 2nd period - Shot Misses the Net.
3:26 of 2nd period - Shot by Logan Couture.
3:26 of 2nd period - Goal by Logan Couture - Predators : 1 - Blues : 3.
3:27 of 2nd period - J.T. Miller wins face-off versus Steven Lorentz in neutral zone.
3:58 of 2nd period - Shot by Marcus Johansson.
3:58 of 2nd period - Shot Blocked by Lucas Raymond.
4:08 of 2nd period - Shot by Gabriel Vilardi.
4:08 of 2nd period - Stopped by Carter Hart with a rebound.
4:18 of 2nd period - Alec Martinez is hit by J.T. Compher and loses puck.
4:28 of 2nd period - Filip Hronek is hit by Jake McCabe and loses puck.
4:54 of 2nd period - Shot by Cale Makar.
4:54 of 2nd period - Shot Misses the Net.
5:10 of 2nd period - Shot by Cale Makar.
5:10 of 2nd period - The goal is going for a video replay.
5:10 of 2nd period - The goal is good.
5:10 of 2nd period - Goal by Cale Makar - Predators : 1 - Blues : 4.
5:10 of 2nd period - Jaroslav Halak enters game.
5:11 of 2nd period - Auston Matthews wins face-off versus Tage Thompson in neutral zone.
5:20 of 2nd period - Shot by Clayton Keller.
5:20 of 2nd period - Stopped by Jaroslav Halak without a rebound.
5:21 of 2nd period - J.T. Miller wins face-off versus Auston Matthews in Predators zone.
5:57 of 2nd period - Shot by Auston Matthews.
5:57 of 2nd period - Stopped by Jaroslav Halak without a rebound.
5:58 of 2nd period - Nico Hischier wins face-off versus Tage Thompson in Predators zone.
6:02 of 2nd period - Nico Hischier is hit by Brandon Carlo and loses puck.
7:26 of 2nd period - Cale Makar is hit by Taylor Hall and loses puck.
8:18 of 2nd period - Shot by Yanni Gourde.
8:18 of 2nd period - Stopped by Jaroslav Halak with a rebound.
9:02 of 2nd period - Shot by Curtis Lazar.
9:02 of 2nd period - Deflect By Sean Monahan.
9:02 of 2nd period - Goal by Sean Monahan - Predators : 1 - Blues : 5.
9:03 of 2nd period - Colton Sissons wins face-off versus Steven Lorentz in neutral zone.
10:32 of 2nd period - Icing by Bo Horvat.
10:33 of 2nd period - Bo Horvat wins face-off versus Auston Matthews in Predators zone.
10:52 of 2nd period - Icing by Roman Josi.
10:53 of 2nd period - Bo Horvat wins face-off versus Nico Hischier in Predators zone.
10:57 of 2nd period - Icing by J.T. Compher.
10:58 of 2nd period - Bo Horvat wins face-off versus Auston Matthews in Predators zone.
11:07 of 2nd period - Shot by Clayton Keller.
11:07 of 2nd period - Shot Misses the Net.
11:09 of 2nd period - Shot by Cale Makar.
11:09 of 2nd period - Stopped by Jaroslav Halak without a rebound.
11:10 of 2nd period - Tage Thompson wins face-off versus Nico Hischier in Predators zone.
11:24 of 2nd period - Shot by Alex Tuch.
11:24 of 2nd period - Shot Misses the Net.
11:26 of 2nd period - Shot by Kyle Connor.
11:26 of 2nd period - Shot Blocked by Alec Martinez.
11:40 of 2nd period - Shot by Alex Tuch.
11:40 of 2nd period - Shot Blocked by Alec Martinez.
11:46 of 2nd period - Shot by Tage Thompson.
11:46 of 2nd period - Stopped by Carter Hart with a rebound.
11:56 of 2nd period - Shot by Kyle Connor.
11:56 of 2nd period - Shot Blocked by Filip Hronek.
13:38 of 2nd period - Shot by Curtis Lazar.
13:38 of 2nd period - Shot Misses the Net.
13:40 of 2nd period - Shot by Alex Newhook.
13:40 of 2nd period - Shot Blocked by Roman Josi.
13:42 of 2nd period - Shot by Curtis Lazar.
13:42 of 2nd period - Shot Blocked by Brandon Carlo.
13:46 of 2nd period - Shot by Anthony DeAngelo.
13:46 of 2nd period - Shot Misses the Net.
14:30 of 2nd period - Minor Penalty to Tage Thompson for Slashing.
14:31 of 2nd period - Colton Sissons wins face-off versus Auston Matthews in Predators zone.
15:02 of 2nd period - Shot by Nico Hischier.
15:02 of 2nd period - Stopped by Jaroslav Halak with a rebound.
15:16 of 2nd period - Shot by Logan Couture.
15:16 of 2nd period - Shot Misses the Net.
15:18 of 2nd period - Shot by Logan Couture.
15:18 of 2nd period - Shot Blocked by J.T. Miller.
17:07 of 2nd period - Shot by Filip Hronek.
17:07 of 2nd period - Stopped by Jaroslav Halak without a rebound.
17:08 of 2nd period - Alex Tuch wins face-off versus Nico Hischier in Predators zone.
17:43 of 2nd period - Shot by Logan Couture.
17:43 of 2nd period - Shot Blocked by Brandon Carlo.
18:23 of 2nd period - Icing by Tage Thompson.
18:24 of 2nd period - Tage Thompson wins face-off versus Auston Matthews in Predators zone.
18:24 of 2nd period - Tage Thompson is hit by Auston Matthews.
18:39 of 2nd period - Shot by Auston Matthews.
18:39 of 2nd period - Shot Misses the Net.
19:03 of 2nd period - Shot by Clayton Keller.
19:03 of 2nd period - Stopped by Jaroslav Halak without a rebound.
19:04 of 2nd period - Bo Horvat wins face-off versus Nico Hischier in Predators zone.
19:35 of 2nd period - Shot by Nico Hischier.
19:35 of 2nd period - Stopped by Jaroslav Halak without a rebound.
19:36 of 2nd period - Curtis Lazar wins face-off versus J.T. Miller in Predators zone.
Goals for this period are 0 for Predators vs 3 for Blues.
Shots for this period are 3 for Predators vs 13 for Blues.

3rd period


0:01 of 3rd period - Auston Matthews wins face-off versus Tage Thompson in neutral zone.
0:43 of 3rd period - Off-side.
0:44 of 3rd period - J.T. Miller wins face-off versus Nico Hischier in neutral zone.
0:55 of 3rd period - Shot by Lucas Raymond.
0:55 of 3rd period - Deflect By J.T. Miller.
0:55 of 3rd period - Shot Misses the Net.
0:57 of 3rd period - Shot by J.T. Miller.
0:57 of 3rd period - Stopped by Carter Hart without a rebound.
0:58 of 3rd period - Curtis Lazar wins face-off versus Bo Horvat in Blues zone.
1:18 of 3rd period - Shot by Curtis Lazar.
1:18 of 3rd period - Stopped by Jaroslav Halak without a rebound.
1:19 of 3rd period - Auston Matthews wins face-off versus J.T. Miller in Predators zone.
1:24 of 3rd period - Shot by Cale Makar.
1:24 of 3rd period - Shot Misses the Net.
1:41 of 3rd period - Icing by Cale Makar.
1:42 of 3rd period - Tage Thompson wins face-off versus Auston Matthews in Blues zone.
1:42 of 3rd period - Yanni Gourde and Brandon Carlo fight to a draw.
1:42 of 3rd period - Penalty to Yanni Gourde for Fighting.
1:42 of 3rd period - Penalty to Brandon Carlo for Fighting.
1:42 of 3rd period - Minor Penalty to Cale Makar for Boarding.
1:42 of 3rd period - Minor Penalty to Kris Letang for High sticking.
1:42 of 3rd period - Minor Penalty to Kyle Connor for Roughing.
1:42 of 3rd period - Minor Penalty to Tage Thompson for Cross-checking.
1:42 of 3rd period - Minor Penalty to Clayton Keller for Holding.
1:43 of 3rd period - Curtis Lazar wins face-off versus J.T. Compher in Blues zone.
1:43 of 3rd period - Curtis Lazar is hit by Alex Tuch.
1:49 of 3rd period - Darnell Nurse is hit by Curtis Lazar and loses puck.
2:57 of 3rd period - Shot by Logan Couture.
2:57 of 3rd period - Stopped by Jaroslav Halak without a rebound.
2:58 of 3rd period - Logan Couture wins face-off versus J.T. Compher in Predators zone.
3:57 of 3rd period - Shot by Cale Makar.
3:57 of 3rd period - Shot Misses the Net.
4:23 of 3rd period - Icing by Marcus Johansson.
4:24 of 3rd period - Steven Lorentz wins face-off versus Colton Sissons in Blues zone.
5:20 of 3rd period - Darnell Nurse is hit by Logan Couture and loses puck.
5:31 of 3rd period - Shot by Auston Matthews.
5:31 of 3rd period - Stopped by Jaroslav Halak without a rebound.
5:32 of 3rd period - J.T. Miller wins face-off versus Curtis Lazar in Predators zone.
5:32 of 3rd period - J.T. Miller is hit by Sean Monahan.
5:50 of 3rd period - Shot by Alex Newhook.
5:50 of 3rd period - Stopped by Jaroslav Halak with a rebound.
5:52 of 3rd period - Shot by Curtis Lazar.
5:52 of 3rd period - Shot Misses the Net.
6:02 of 3rd period - Shot by Anthony DeAngelo.
6:02 of 3rd period - Shot Blocked by Roman Josi.
6:31 of 3rd period - Shot by Auston Matthews.
6:31 of 3rd period - Stopped by Jaroslav Halak without a rebound.
6:32 of 3rd period - Nico Hischier wins face-off versus Tage Thompson in Predators zone.
6:56 of 3rd period - Shot by Nico Hischier.
6:56 of 3rd period - Shot Misses the Net.
7:14 of 3rd period - Filip Hronek is hit by Kyle Connor and loses puck.
8:03 of 3rd period - Shot by Clayton Keller.
8:03 of 3rd period - Shot Misses the Net.
8:20 of 3rd period - Icing by Kris Letang.
8:21 of 3rd period - Auston Matthews wins face-off versus J.T. Miller in Blues zone.
8:39 of 3rd period - J.T. Miller is hit by Carson Soucy and loses puck.
8:45 of 3rd period - Double Minor Penalty to Carson Soucy for Roughing.
8:46 of 3rd period - Bo Horvat wins face-off versus Steven Lorentz in Blues zone.
8:55 of 3rd period - Shot by Bo Horvat.
8:55 of 3rd period - Stopped by Carter Hart without a rebound.
8:56 of 3rd period - J.T. Miller wins face-off versus Steven Lorentz in Blues zone.
8:57 of 3rd period - Shot by Thomas Chabot.
8:57 of 3rd period - Stopped by Carter Hart without a rebound.
8:58 of 3rd period - Steven Lorentz wins face-off versus J.T. Miller in Blues zone.
9:09 of 3rd period - Shot by Thomas Chabot.
9:09 of 3rd period - Stopped by Carter Hart with a rebound.
9:15 of 3rd period - Shot by Thomas Chabot.
9:15 of 3rd period - Shot Misses the Net.
9:17 of 3rd period - Shot by Thomas Chabot.
9:17 of 3rd period - Stopped by Carter Hart without a rebound.
9:18 of 3rd period - Bo Horvat wins face-off versus Sean Monahan in Blues zone.
9:27 of 3rd period - Shot by Bo Horvat.
9:27 of 3rd period - Stopped by Carter Hart with a rebound.
9:34 of 3rd period - Icing by Bo Horvat.
9:35 of 3rd period - Bo Horvat wins face-off versus Steven Lorentz in Predators zone.
9:40 of 3rd period - Kris Letang is hit by Bo Horvat and loses puck.
9:51 of 3rd period - Shot by Kyle Connor.
9:51 of 3rd period - Stopped by Carter Hart without a rebound.
9:52 of 3rd period - Sean Monahan wins face-off versus J.T. Miller in Blues zone.
10:34 of 3rd period - Shot by Thomas Chabot.
10:34 of 3rd period - Shot Misses the Net.
11:02 of 3rd period - Shot by Darnell Nurse.
11:02 of 3rd period - Shot Misses the Net.
11:18 of 3rd period - Shot by Bo Horvat.
11:18 of 3rd period - Shot Blocked by Logan Couture.
11:31 of 3rd period - Off-side.
11:32 of 3rd period - J.T. Miller wins face-off versus Sean Monahan in neutral zone.
11:37 of 3rd period - Shot by J.T. Miller.
11:37 of 3rd period - Shot Misses the Net.
11:39 of 3rd period - Shot by Thomas Chabot.
11:39 of 3rd period - Stopped by Carter Hart without a rebound.
11:40 of 3rd period - Bo Horvat wins face-off versus Logan Couture in Blues zone.
11:57 of 3rd period - Shot by Bo Horvat.
11:57 of 3rd period - Stopped by Carter Hart without a rebound.
11:58 of 3rd period - J.T. Miller wins face-off versus Steven Lorentz in Blues zone.
12:59 of 3rd period - Shot by Colton Sissons.
12:59 of 3rd period - Shot Misses the Net.
13:01 of 3rd period - Shot by Cal Clutterbuck.
13:01 of 3rd period - Deflect By Colton Sissons.
13:01 of 3rd period - Stopped by Carter Hart with a rebound.
13:03 of 3rd period - Shot by Nikita Zadorov.
13:03 of 3rd period - Shot Misses the Net.
13:05 of 3rd period - Shot by Colton Sissons.
13:05 of 3rd period - Shot Misses the Net.
13:39 of 3rd period - Shot by J.T. Miller.
13:39 of 3rd period - Shot Misses the Net.
14:17 of 3rd period - Darnell Nurse is hit by Steven Lorentz and loses puck.
14:59 of 3rd period - Tage Thompson is hit by Steven Lorentz and loses puck.
15:11 of 3rd period - Alex Tuch is hit by Kris Letang and loses puck.
15:34 of 3rd period - Shot by Auston Matthews.
15:34 of 3rd period - Shot Blocked by Brandon Carlo.
16:06 of 3rd period - Shot by Auston Matthews.
16:06 of 3rd period - Shot Blocked by Nikita Zadorov.
16:09 of 3rd period - Icing by Jake McCabe.
16:10 of 3rd period - Bo Horvat wins face-off versus Curtis Lazar in Predators zone.
17:04 of 3rd period - Shot by Logan Couture.
17:04 of 3rd period - Stopped by Jaroslav Halak without a rebound.
17:05 of 3rd period - Tage Thompson wins face-off versus Nico Hischier in Predators zone.
17:17 of 3rd period - Shot by Tage Thompson.
17:17 of 3rd period - Deflect By Kyle Connor.
17:17 of 3rd period - Stopped by Carter Hart without a rebound.
17:18 of 3rd period - J.T. Miller wins face-off versus Auston Matthews in Blues zone.
17:18 of 3rd period - J.T. Miller is hit by Kris Letang.
17:47 of 3rd period - Shot by Auston Matthews.
17:47 of 3rd period - Shot Blocked by Roman Josi.
18:01 of 3rd period - Shot by J.T. Miller.
18:01 of 3rd period - Deflect By Gabriel Vilardi.
18:01 of 3rd period - Goal by Gabriel Vilardi - Predators : 2 - Blues : 5.
18:02 of 3rd period - Tage Thompson wins face-off versus Nico Hischier in neutral zone.
18:07 of 3rd period - Alec Martinez is hit by Tage Thompson and loses puck.
18:29 of 3rd period - Logan Couture is hit by Thomas Chabot and loses puck.
19:13 of 3rd period - Taylor Hall is hit by Alec Martinez and loses puck.
19:57 of 3rd period - Minor Penalty to Filip Hronek for Slashing.
19:58 of 3rd period - Sean Monahan wins face-off versus Bo Horvat in Blues zone.
Goals for this period are 1 for Predators vs 0 for Blues.
Shots for this period are 12 for Predators vs 6 for Blues.